 Dungeon Crawl Stone Soup version 0.30-a0-652-gcc886f7154 (webtiles) character file.

Game seed: 8112835152228640710

1484 ragingrage the Slicer (level 8, -3/84 (99) HPs)
             Began as an Armataur Delver on Jan 18, 2023.
             Was a High Priest of Uskayaw.
             Slain by a wight
             ... wielding a +0 falchion
              (8 damage)
             ... on level 7 of the Dungeon.
             The game lasted 00:06:50 (6298 turns).

ragingrage the Slicer (Armataur Delver)             Turns: 6298, Time: 00:06:50

HP:   -3/84 (99)    AC:  4    Str: 18    XL:     8   Next: 50%
MP:   8/8           EV:  8    Int: 10    God:    Uskayaw [*****.]
Gold: 172           SH:  9    Dex: 14    Spells: 7/7 levels left

rFire   + . .      SeeInvis .    l - +5 dagger
rCold   + . .      Faith    +    f - +2 kite shield
rNeg    . . .      Spirit   .    b - +0 leather armour
rPois   .          Reflect  .    (no helmet)
rElec   .          Harm     .    j - scarf {rC+ rF+}
rCorr   +          Roll     +    (no gloves)
Will    .....                    (no barding) Stlth
                                 q - amulet of faith
HPRegen 0.34/turn                w - ring of resist corrosion
MPRegen 0.11/turn                (no ring)

@: berserking, heavily drained, very quick
A: large, rugged brown scales 3, deformed body, armoured tail, roll, long
tongue, awkward tongue
a: Renounce Religion, Stomp, Line Pass, Grand Finale


You were on level 7 of the Dungeon.
You worshipped Uskayaw.
Uskayaw was noncommittal.
You visited 2 branches of the dungeon, and saw 8 of its levels.

You collected 294 gold pieces.
You spent 122 gold pieces at shops.

Inventory:

Hand Weapons
 l - a +5 dagger (weapon)
 m - the +4 short sword of Paper {pain, SInv}
   (You found it on level 3 of the Dungeon)

   SInv:      It lets you see invisible.
Missiles
 a - 5 boomerangs (quivered)
Armour
 b - a +0 leather armour (worn)
 f - a +2 kite shield (worn)
 j - a scarf of resistance (worn)
Jewellery
 q - an amulet of faith (around neck)
 w - a ring of resist corrosion (left hand)
Wands
 g - a wand of digging (3)
 h - a wand of mindburst (12)
 y - a wand of polymorph (9)
Scrolls
 c - a scroll of fog
 d - 7 scrolls of magic mapping
 e - a scroll of enchant armour {unknown}
 i - a scroll of vulnerability
 p - a scroll of enchant weapon
 r - a scroll of fear
 s - 2 scrolls of immolation {unknown}
 t - a scroll of noise
 x - a scroll of blinking {unknown}
 z - a scroll of summoning {unknown}
 A - a scroll of torment
 B - a scroll of brand weapon {unknown}
 C - 4 scrolls of teleportation
Potions
 n - 2 potions of flight
 o - 2 potions of attraction
 u - a potion of brilliance


   Skills:
 - Level 2.7 Fighting
 + Level 9.9 Short Blades
 - Level 1.4 Dodging
 - Level 5.5 Stealth


You had 7 spell levels left.
You didn't know any spells.
Your spell library contained the following spells:

 Spells                   Type           Power      Damage    Failure   Level
 Passage of Golubria      Tloc           0%         N/A       100%        4
 Silence                  Hex/Air        0%         N/A       100%        5
 Lehudib's Crystal Spear  Conj/Erth      0%         10d2      100%        8


Dungeon Overview and Level Annotations

Branches:
Dungeon (7/15)             Temple (1/1) D:6

Altars:
Ashenzari
Dithmenos
Elyvilon
Fedhas
Gozag
Hepliaklqana
Kikubaaqudgha
Makhleb
Nemelex Xobeh
Ru
Sif Muna
Trog
Uskayaw
Wu Jian
Xom
Zin
The Shining One

Shops:
D:2 *   D:6 *

Annotations:
D:2 exclusion: downstairs


Innate Abilities, Weirdness & Mutations

You are completely covered in rugged brown scales. (AC +3, +7% HP)
Armour fits poorly on your strangely shaped body.
You have a long armoured tail.
You roll when moving toward enemies. (Rampage)
Your long tongue fully drains potion bottles. (2x potion effects)
Your tongue gives you trouble enunciating. (1.5x scroll delay)


Message History

The wight hits you with a +3 long sword!
You feel drained. The wight hits you with a +0 falchion!
You feel drained.
You hit the wight but do no damage.
The wight is almost destroyed.
You hit the wight.
The wight is almost destroyed.
You block the wight's attack. The wight hits you but does no damage.
You closely miss the wight.
The wight is almost destroyed.
Your life force is drained.
Your movement speed is average.
Your attack delay is about 0.6 (and is slowed by your shield).
Your damage rating with your +5 dagger is about 10 (Base 4 x 110% (Dex) x 124% (Skill) + 5 (Ench)).
You hit the wight but do no damage.
Your tail-slap misses the wight.
The wight is almost destroyed.
The wight hits you with a +3 long sword!
You feel drained. The wight hits you with a +0 falchion.
You closely miss the wight.
The wight is almost destroyed.
You block the wight's attack. The wight hits you with a +0 falchion.
* * * LOW HITPOINT WARNING * * *
You feel drained.
* * * LOW HITPOINT WARNING * * *
You closely miss the wight.
The wight is almost destroyed.
You hit the wight but do no damage.
You tail-slap the wight, but do no damage.
The wight is almost destroyed.
The wight hits you with a +3 long sword!
* * * LOW HITPOINT WARNING * * *
You block the wight's attack.
You slurp down every last drop of the purple potion!
It was a potion of berserk rage.
A red film seems to cover your vision as you go berserk!
You feel yourself moving faster!
You feel mighty!
The wight hits you with a +3 long sword.
* * * LOW HITPOINT WARNING * * *
You feel drained.
* * * LOW HITPOINT WARNING * * *
The wight hits you with a +0 falchion!
You die...

.....# .# ...... ..
......##.# .#..#......#
.#....[....#
.#...#.....#
##.#...#..zz.#
#..#...#.#.@.#
######.#....#.#?.)#
..)..)....#.#.#...#
######....#.#.#...#
.....#....#.#.###.#
####.#............# # #
##......#.#.###...#
###.....#.#.#......>...#
..........#.############


You could see 2 wights.

Vanquished Creatures
  2 water moccasins (D:7)
  A sky beast (D:7)
  2 black bears (D:6)
  A centaur (D:5)
  A phantom (D:4)
  A gnoll sergeant (D:7)
  2 scorpions (D:5)
  3 wights
  3 hounds
  2 jellies
  2 iguanas
  9 gnolls
  16 adders
  3 worms
  4 dart slugs
  2 orcs
  5 endoplasms
  6 giant cockroaches
  3 goblins
  3 hobgoblins
  3 jackals (D:1)
  2 kobolds (D:1)
  2 quokkas
  7 ball pythons
  4 bats (D:1)
  4 frilled lizards
  7 rats
100 creatures vanquished.

Vanquished Creatures (others)
  A plant (D:2)
1 creature vanquished.

Grand Total: 101 creatures vanquished

Notes
Turn   | Place    | Note
-------+----------+-------------------------------------------
     0 | D:5      | ragingrage the Armataur Delver began the quest for the Orb.
     0 | D:5      | Reached XP level 1. HP: 19/19 MP: 1/1
    33 | D:5      | Noticed an iguana
    84 | D:4      | Reached skill level 2 in Short Blades
   206 | D:3      | Reached XP level 2. HP: 26/26 MP: 2/2
   298 | D:3      | Identified the +4 short sword of Paper {pain, SInv}
   369 | D:3      | Reached skill level 3 in Short Blades
   413 | D:1      | Reached XP level 3. HP: 32/32 MP: 3/3
   976 | D:1      | Found a faded altar of an unknown god.
  1488 | D:2      | Found Bulymec's Assorted Antiques.
  1497 | D:2      | Bought a scroll labelled RANYUT SENNIL for 20 gold pieces
  1497 | D:2      | Bought a ruby potion for 18 gold pieces
  1541 | D:2      | Reached XP level 4. HP: 39/39 MP: 4/4
  1560 | D:2      | Reached skill level 4 in Short Blades
  2522 | D:3      | Found a glowing golden altar of the Shining One.
  2893 | D:4      | Noticed a phantom
  2908 | D:4      | Killed a phantom
  2909 | D:4      | Reached skill level 5 in Short Blades
  2909 | D:4      | Reached XP level 5. HP: 32/44 MP: 5/5
  3490 | D:4      | Reached XP level 6. HP: 23/53 MP: 6/6
  3833 | D:5      | Reached skill level 6 in Short Blades
  4117 | D:5      | Reached skill level 7 in Short Blades
  4117 | D:5      | Reached XP level 7. HP: 52/59 MP: 7/7
  4265 | D:6      | Found a bloodstained altar of Trog.
  4492 | D:6      | Found a staircase to the Ecumenical Temple.
  4599 | D:6      | Reached skill level 8 in Short Blades
  4606 | Temple   | Entered the Ecumenical Temple
  4699 | Temple   | Became a worshipper of Uskayaw the Reveller
  4731 | D:6      | Found Gaev's General Store.
  4734 | D:6      | Bought 2 scrolls of teleportation for 84 gold pieces
  4758 | D:6      | Reached * piety under Uskayaw
  4782 | D:6      | Reached ** piety under Uskayaw
  4785 | D:6      | Reached *** piety under Uskayaw
  4850 | D:6      | Noticed a wyvern
  5356 | D:7      | Reached XP level 8. HP: 22/66 MP: 8/8
  5360 | D:7      | Reached **** piety under Uskayaw
  5396 | D:7      | HP: 1/66 [gnoll sergeant/+0 spear (12)]
  5795 | D:7      | Reached skill level 9 in Short Blades
  6287 | D:7      | Reached ***** piety under Uskayaw
  6298 | D:7      | Slain by a wight

Illustrated notes

Levels and vault maps discovered:
D:1:      ebering_hopf_link, layout_loops_corners,
          shapermc_ecumenical_altar_ellora
D:2:      layout_basic, serial_forest, infiniplex_forest_fountain,
          infiniplex_forest_clump_double, infiniplex_forest_straight_5,
          infiniplex_forest_straight_2, infiniplex_forest_lined_3,
          infiniplex_forest_diagonal, serial_shops,
          nicolae_shop_advertising_works [nicolae_subvault_shop_adworks],
          minmay_misc_feat_five, serial_bayou_ford_a, chequers_jeans,
          roderic_roman_lattice, nicolae_elevator_lobby_asterisk,
          uniq_crazy_yiuf_cottage
D:3:      layout_basic, lemuel_tele_altar
D:4:      layout_loops_corners
D:5:      layout_basic
D:6:      layout_basic, trog_ov_bears_minmay, minmay_temple_entry_stoned_glass,
          serial_shops, kennysheep_mini_moat, nicolae_half_adder
D:7:      layout_basic, serial_shops, nicolae_lakefront_shop
Temple:   compressed_dpeg_triangle_lava_temple

Skill      XL: |  1  2  3  4  5  6  7  8 |
---------------+-------------------------+-----
Short Blades   | 2 3 5 7 8 9 |  9.9
Fighting       | |  2.7
Dodging        | |  1.4
Stealth        | |  5.5

Action                   |  1- 3 |  4- 6 |  7- 9 || total
-------------------------+-------+-------+-------++-------
Melee: Short sword       |    17 |       |       ||    17
       Tailslap          |     6 |    13 |    20 ||    39
       Dagger            |    65 |   106 |   173 ||   344
       Punch             |     1 |       |     4 ||     5
Throw: Boomerang         |       |     3 |     5 ||     8
  Use: Scroll            |     1 |       |     8 ||     9
       Potion            |       |       |     8 ||     8
 Stab: Sleeping          |     9 |    10 |     6 ||    25
       Distracted        |     2 |       |       ||     2
       Paralysed         |       |       |     6 ||     6
Armor: Leather armour    |    17 |    14 |    16 ||    47
Dodge: Dodged            |    19 |    39 |    43 ||   101
Block: Kite shield       |       |       |     8 ||     8

Table legend: (Time is in decaauts)
 A = Elapsed time spent in this place.
 B = Non-inter-level travel time spent in this place.
 C = Inter-level travel time spent in this place.
 D = Time resting spent in this place.
 E = Time spent auto-exploring this place.
 F = Levels seen in this place.
 G = Mean time per level.
                   A        B        C        D        E       F      G
               +--------+--------+--------+--------+--------+-----+--------+
         Total |   6180 |   5952 |    228 |   1291 |   3535 |   8 |  772.5 |
       Dungeon |   6078 |   5864 |    214 |   1291 |   3455 |   7 |  868.3 |
        Temple |    101 |     87 |     14 |      0 |     80 |   1 |  101.0 |
               +--------+--------+--------+--------+--------+-----+--------+

Top non-repeatable levels by time:
     D:6: 1408 daAuts
     D:4: 1179 daAuts
     D:2: 1021 daAuts
     D:1: 898 daAuts
     D:3: 662 daAuts
     D:5: 454 daAuts
     D:7: 454 daAuts
  Temple: 101 daAuts
